Unix NetHack Version 3.7.0-97 Work-in-progress - last build Feb 8 2024 15:05:57 (6d6cdf8371b60126770a3d7b88910941cb14a054,branch:master). Game began 2024-02-16 07:59:05, ended 2024-02-16 08:16:35. MalkMcJorma, neutral male human Barbarian ------ -----|....|----- --- ---- ----...--.|..||...--- -->.. |..-- --.......<.|-----.)...---------..(.--- -...| |..).......| --.)--..@e. ...........| ...-- --.).--....-- |..--------.............. ....----..| ------..([|----.| |.-- -.. .|........- -.....*...-- |........-| --- -.|.| 0..- ---.--.....| --.----..[.--- --...| -.... .......| - |..||..---..[| |...-- |... ...----- --.-- |.--|..| |...| --.--- -.. ....- |....--.| |.^--|..-- |...| ---- |....... .-..- ---.......|--...----- ---..-- --..---........ ....-- |.^......--|...... -----....| |.............. ....| |.---.....|--.....--.|.....- ................ -.-- -.| --....--|.............- ...----..)[*...- |...| ..| .....- --..........- .-- --....0..| --.......| ...... --...--.----- --......- --......| -..-- |..-- |.. ... --.----- ---- |..| --- MalkMcJorma the Pillager St:18 Dx:18 Co:18 In:7 Wi:7 Ch:6 Neutral Dlvl:4 $:0 HP:0(58) Pw:10(10) AC:10 Xp:5/268 T:2458 Starved Latest messages: You faint from lack of food. It misses the giant bat. The giant bat bites! It bites the giant bat. The giant bat misses it. The giant bat bites! The giant bat bites! It misses the giant bat. The giant bat bites! The giant bat bites! It misses the giant bat. The giant bat bites! You regain consciousness. You smite the giant bat. The giant bat bites! It bites the giant bat. The giant bat bites it. The giant bat bites! You smite the giant bat. The giant bat bites! It misses the giant bat. The giant bat bites! It misses the giant bat. You faint from lack of food. The giant bat bites! It bites the giant bat. The giant bat bites it. The giant bat bites! It misses the giant bat. The giant bat bites! The giant bat bites! It bites the giant bat. The giant bat bites! The giant bat bites! It misses the giant bat. The giant bat bites! The giant bat bites! It bites the giant bat. The giant bat is killed! Blackfell eats a giant bat corpse. You regain consciousness. You faint from lack of food. You regain consciousness. You faint from lack of food. You regain consciousness. You faint from lack of food. You regain consciousness. You smite the floating eye. You are frozen by the floating eye's gaze! You die from starvation. Inventory: Weapons (')') G - the cursed -1 Sting (weapon in right hand) MalkMcJorma the Barbarian's attributes: Background: You were a Pillager, a level 5 male human Barbarian. You were neutral, on a mission for Crom who was opposed by Mitra (lawful) and Set (chaotic). You were right-handed. You were in the Gnomish Mines, on level 4. You entered the dungeon 2458 turns ago. You had 268 experience points, 52 more were needed to attain level 6. Basics: You had 0 out of 58 hit points. You had all 10 energy points (spell power). Your armor class was 10. Your wallet was empty. Autopickup was off. Final Characteristics: Your strength was 18 (base:18/01, limit:18/100). Your dexterity was 18 (limit:18). Your constitution was 18 (limit:18). Your intelligence was 7 (limit:18). Your wisdom was 7 (limit:18). Your charisma was 6 (limit:18). Final Status: You were starved. You were unencumbered. You were wielding a dagger. You were unskilled in dagger. You weren't wearing any armor. Final Attributes: You were devoutly aligned. You were fire resistant. You were cold resistant. You were poison resistant. You were aware of the presence of orcs. You are dead. Miscellaneous: You disabled loading of bones levels. Total elapsed playing time was 17 minutes and 24 seconds. Major events: Turn 1: MalkMcJorma the neutral male human Barbarian entered the dungeon 223: entered the Gnomish Mines 549: attained the rank of Pillager (level 3) 1051: chose an elven dagger to be named "Sting" 2458: died of starvation, while frozen by a floating eye's gaze Vanquished creatures: a fog cloud a shrieker 3 gnome leaders 2 gray oozes a floating eye 4 dwarves a kobold leader a rothe a giant bat an acid blob 2 hobbits a hobgoblin 2 giant rats 17 gnomes a jackal a goblin a sewer rat 4 grid bugs 2 lichens 47 creatures vanquished. No species were genocided or became extinct. Voluntary challenges: You read items or engraved 3 times. You never engraved Elbereth. You never genocided any monsters. You never polymorphed an object. You never changed form. You used no wishes. Achievements: You entered the Gnomish Mines. You attained the rank of Pillager. The Dungeons of Doom: levels 1 to 3 Level 1: Level 2: Stairs down to The Gnomish Mines. Level 3: A fountain. The Gnomish Mines: levels 3 to 4 Level 3: Level 4: <- You were here. Final resting place for you, died of starvation, while frozen by a floating eye's gaze. Game over: ---------- / \ / REST \ / IN \ / PEACE \ / \ | MalkMcJorma | | 0 Au | | died of | | starvation | | | | | | 2024 | *| * * * | * _________)/\\_//(\/(/\)/\//\/|_)_______ Goodbye MalkMcJorma the Barbarian... You starved in The Gnomish Mines on dungeon level 4 with 1232 points, and 0 pieces of gold, after 2458 moves. You were level 5 with a maximum of 58 hit points when you starved.